 Dungeon Crawl Stone Soup version 0.21.1-1-g345015f (webtiles) character file.

55 diana the Cutter (level 4, 0/29 HPs)
             Began as a Kobold Berserker on May 28, 2018.
             Was a Believer of Trog.
             Slain by Robin
             ... wielding a +0 club
              (7 damage)
             ... on level 2 of the Dungeon.
             The game lasted 00:04:33 (1687 turns).

diana the Cutter (Kobold Berserker)                 Turns: 1687, Time: 00:04:34

Health: 0/29       AC:  3    Str: 19    XL:     4   Next: 14%
Magic:  4/4        EV: 16    Int: 13    God:    Trog [**....]
Gold:   99         SH:  0    Dex: 15    Spells: 3/3 levels left

rFire    . . .     SeeInvis .   a - +0 short sword
rCold    . . .     Gourm    .   (shield restricted)
rNeg     . . .     Faith    .   b - +0 animal skin
rPois    .         Spirit   .   (no helmet)
rElec    .         Reflect  +   (no cloak)
rCorr    .         Harm     .   i - +0 pair of gloves
MR       .....                  (no boots)
Stlth    +.........             l - +4 amulet of reflection
HPRegen  0.09/turn              (no ring)
MPRegen  0.09/turn              (no ring)

@: confused, mighty, brilliant, berserk cooldown, starving, slowed, very slow
A: small, carnivore
a: Berserk, Trog's Hand, Burn Spellbooks, Renounce Religion


You were on level 2 of the Dungeon.
You worshipped Trog.
Trog was pleased with you.
You were starving.

You visited 1 branch of the dungeon, and saw 2 of its levels.

You collected 99 gold pieces.

Inventory:

Hand Weapons
 a - a +0 short sword (weapon)
Armour
 b - a +0 animal skin (worn)
 i - a +0 pair of gloves (worn)
 p - a +1 scale mail of poison resistance
Jewellery
 l - a +4 amulet of reflection (around neck)
Scrolls
 d - 4 scrolls of identify {unknown}
 f - 2 scrolls of magic mapping {unknown}
 h - a scroll of remove curse {unknown}
 k - a scroll of fog {unknown}
 m - a scroll of teleportation {unknown}
 n - a scroll of amnesia {unknown}
 q - a scroll of fear {unknown}
Comestibles
 c - 3 rations


   Skills:
 - Level 3.6 Fighting
 * Level 5.2 Short Blades
 - Level 1.6 Armour
 + Level 3.0 Dodging
 + Level 1.4 Stealth


You had 3 spell levels left.
You didn't know any spells.

Dungeon Overview and Level Annotations

Branches:
Dungeon (2/15)

Altars:

Annotations:
D:2 Robin


Innate Abilities, Weirdness & Mutations

You are small and have problems with some larger weapons.
You are carnivorous and can eat meat at any time.


Message History

You barely miss Robin. Robin hits you with a club.
* * * LOW HITPOINT WARNING * * *
You closely miss Robin. Robin hits you but does no damage.
You hit Robin.
Robin is lightly wounded.
Robin misses you.
It was a potion of brilliance.
You feel clever all of a sudden. Robin barely misses you.
Robin laughs in a distinctly smug fashion.
Robin hits you but does no damage.
It was a potion of curing.
You feel better. Robin barely misses you.
You hit Robin but do no damage.
Robin is lightly wounded.
Robin hits you with a club.
* * * LOW HITPOINT WARNING * * *
It was a potion of ambrosia.
You are confused.
You feel invigorated. Robin hits you with a club!
You die...

###.#...####..[.....$####....##
...........+.........+.......#
.##.#...####.........####....#
.##.#..## #.......# ##.#.#
.##.#.## #.....# ###.## .##.#.#
#...# ##...## .##.#.# #)#
##.....## .##.#.######## #g#
#.......# .##.#........# #@#
#.......# .............###)##
#.......# ###.#.#####..##...##
##.....## #......##..#.....##
##...## ###.##..............#
##.## #........###.###... #<#
#.......## ### #........#
######### #########


You could see Robin.

Vanquished Creatures
  An adder (D:2)
  3 dart slugs
  2 leopard geckos (D:1)
  2 giant cockroaches
  11 goblins (D:2)
  A hobgoblin (D:2)
  A ball python (D:1)
  4 bats (D:1)
  5 frilled lizards
  4 kobolds
  7 rats
41 creatures vanquished.

Notes
Turn   | Place    | Note
-------+----------+-------------------------------------------
     0 | D:1      | diana the Kobold Berserker began the quest for the Orb.
     0 | D:1      | Reached XP level 1. HP: 14/14 MP: 1/1
    95 | D:1      | Reached XP level 2. HP: 2/19 MP: 2/2
   773 | D:1      | Reached XP level 3. HP: 2/24 MP: 3/3
  1517 | D:2      | Reached skill level 1 in Stealth
  1598 | D:2      | Reached skill level 5 in Short Blades
  1645 | D:2      | Noticed Robin
  1655 | D:2      | Reached ** piety under Trog
  1666 | D:2      | Reached XP level 4. HP: 9/29 MP: 4/4
  1671 | D:2      | HP: 2/43 [hobgoblin/club[Robin] (4)]
  1681 | D:2      | HP: 1/29 [Robin/club (1)]
  1687 | D:2      | Slain by Robin

Skill      XL: |  1  2  3 |
---------------+----------+-----
Stealth        | 1 |  1.4
Short Blades   | 5 |  5.2
Dodging        | 3 |  3.0
Fighting       | |  3.6
Armour         | |  1.6

Action                   |  1- 3 |  4- 6 || total
-------------------------+-------+-------++-------
Melee: Short sword       |   122 |    14 ||   136
Invok: Berserk           |     2 |       ||     2
  Use: Potion            |       |     4 ||     4
  Eat: Chunk             |     2 |       ||     2
Armor: Animal skin       |    22 |     3 ||    25
Dodge: Dodged            |    98 |     4 ||   102
Block: Other             |     9 |     2 ||    11
       Reflection        |     1 |       ||     1
